 Dungeon Crawl Stone Soup version 0.28-a0-664-gc179e30c89 (webtiles) character file.

Game seed: 10362666829662965316

585 Gwenloh the Chopper (level 7, -2/61 HPs)
             Began as a Hill Orc Fighter on Oct 15, 2021.
             Was an Initiate of Beogh.
             Slain by a gnoll (4 damage)
             ... on level 5 of the Dungeon.
             The game lasted 00:10:18 (5244 turns).

Gwenloh the Chopper (Hill Orc Fighter)              Turns: 5244, Time: 00:10:19

Health: -2/61      AC:  9    Str: 19    XL:     7   Next: 37%
Magic:  7/7        EV:  7    Int:  8    God:    Beogh [......]
Gold:   145        SH:  5    Dex: 12    Spells: 6/6 levels left

rFire   . . .      SeeInvis .   n - +1 hand axe (venom)
rCold   . . .      Faith    .   c - +0 buckler
rNeg    . . .      Spirit   .   s - +0 chain mail
rPois   .          Reflect  .   (no helmet)
rElec   .          Harm     .   (no cloak)
rCorr   .          Rampage  .   (no gloves)
Will    .....                   (no boots)
Stlth   ..........              (no amulet)
HPRegen 0.20/turn               (no ring)
MPRegen 0.10/turn               (no ring)

@: mighty
A: no striking features
a: Renounce Religion


You were on level 5 of the Dungeon.
You worshipped Beogh.
Beogh was noncommittal.
You visited 2 branches of the dungeon, and saw 6 of its levels.

You collected 145 gold pieces.

Inventory:

Hand Weapons
 a - a +0 war axe
 e - a +3 whip
 n - a +1 hand axe of venom (weapon)
 u - a +1 flail of protection
Missiles
 g - 82 stones (quivered)
 h - 75 bolts
 t - 24 sling bullets
Armour
 b - a +0 scale mail
 c - a +0 buckler (worn)
 s - a +0 chain mail (worn)
Jewellery
 l - a ring of positive energy
Scrolls
 f - 2 scrolls of blinking {unknown}
 i - a scroll of amnesia {unknown}
 j - a scroll of enchant armour {unknown}
 m - a scroll of enchant weapon {unknown}
 q - a scroll of holy word {unknown}
 r - a scroll of vulnerability {unknown}
Potions
 d - a potion of might
 k - 2 potions of degeneration {unknown}
 o - 2 potions of haste {unknown}
 p - a potion of curing {unknown}
 w - a potion of attraction {unknown}


   Skills:
 + Level 5.5 Fighting
 * Level 6.8 Axes
 + Level 4.9 Armour
 + Level 5.0 Shields


You had 6 spell levels left.
You didn't know any spells.
Your spell library contained the following spells:

 Spells                   Type           Power      Damage    Failure   Level
 Pain                     Necr           0%         1d4       99%         1
 Dazzling Flash           Conj/Hex       0%         N/A       100%        3
 Gell's Gravitas          Tloc           0%         N/A       100%        3
 Teleport Other           Tloc           0%         N/A       100%        3
 Agony                    Necr           0%         N/A       100%        5
 Excruciating Wounds      Necr           0%         N/A       100%        5
 Silence                  Hex/Air        0%         N/A       100%        5
 Dispersal                Tloc           0%         N/A       100%        6


Dungeon Overview and Level Annotations

Branches:
Dungeon (5/15)             Temple (1/1) D:4

Altars:
Ashenzari
Cheibriados
Dithmenos
Elyvilon
Fedhas
Gozag
Hepliaklqana
Kikubaaqudgha
Makhleb
Okawaru
Qazlal
Ru
Sif Muna
Trog
Uskayaw
Vehumet
Wu Jian
Xom
Yredelemnul
Zin
The Shining One

Annotations:
D:5 1 transporter


Message History

The gnoll hits you from afar with a +0 spear.
The gnoll shaman hits you with a +0 whip!
You closely miss the gnoll shaman.
The gnoll shaman is almost dead.
The gnoll hits you but does no damage.
The gnoll shaman hits you with a +0 whip!
You block the gnoll's attack.
You are too injured to fight recklessly!
You kill the gnoll shaman!
Beogh accepts your kill.
Beogh appreciates your killing of a heretic priest.
Your Shields skill increases to level 5!
The gnoll hits you but does no damage. You block the gnoll's attack.
The gnoll hits you from afar with a +0 spear.
The gnoll hits you from afar with a +0 spear!
* * * LOW HITPOINT WARNING * * *
The gnoll hits you from afar with a +0 spear.
* * * LOW HITPOINT WARNING * * *
You feel very mighty all of a sudden.
The gnoll hits you from afar with a +0 spear.
* * * LOW HITPOINT WARNING * * *
The gnoll hits you but does no damage. The gnoll barely misses you.
The gnoll hits you but does no damage.
The gnoll hits you with a +0 halberd of flaming.
* * * LOW HITPOINT WARNING * * *
The gnoll burns you.
* * * LOW HITPOINT WARNING * * *
You block the gnoll's attack.
You closely miss the gnoll. You barely miss the gnoll.
You block the gnoll's attack.
The gnoll hits you with a +0 halberd of flaming.
* * * LOW HITPOINT WARNING * * *
The gnoll burns you.
* * * LOW HITPOINT WARNING * * *
The gnoll barely misses you. The gnoll completely misses you.
You closely miss the gnoll. You hit the gnoll.
The gnoll is poisoned.
The gnoll completely misses you. You block the gnoll's attack.
The gnoll hits you from afar with a +0 spear.
You die...

#)# #.#
#####.####.#
######...>.......
#......#.....##.#
#.#######...###.#
#.# ##.## #.# #.#
#.# #.. ####.#
#.# ### #gg@g#
#+# #g#### #.###
#g#.## #....####
#.......+
#....#### #g#.##
#)###


You could see 4 gnolls.

Vanquished Creatures
  A black bear (D:4)
  A centaur (D:5)
  2 scorpions
  A howler monkey (D:4)
  A jelly (D:2)
  A gnoll shaman (D:5)
  An iguana (D:4)
  8 gnolls
  2 adders (D:3)
  An adder skeleton (D:4)
  3 worms (D:2)
  A dart slug (D:3)
  7 orcs
  5 ball pythons
  4 endoplasms
  2 giant cockroaches
  7 goblins
  7 hobgoblins
  7 jackals
  5 quokkas
  5 bats
  A frilled lizard (D:1)
  6 kobolds
  5 rats
84 creatures vanquished.

Vanquished Creatures (others)
  An orc priest (D:4)
  2 orcs (D:4)
3 creatures vanquished.

Grand Total: 87 creatures vanquished

Notes
Turn   | Place    | Note
-------+----------+-------------------------------------------
     0 | D:1      | Gwenloh the Hill Orc Fighter began the quest for the Orb.
     0 | D:1      | Reached XP level 1. HP: 19/19 MP: 1/1
   232 | D:1      | Reached skill level 3 in Axes
   341 | D:1      | Reached XP level 2. HP: 27/27 MP: 2/2
  1165 | D:2      | Reached XP level 3. HP: 32/33 MP: 3/3
  1767 | D:2      | Found a faded altar of an unknown god.
  1959 | D:2      | Reached skill level 4 in Axes
  1959 | D:2      | Reached XP level 4. HP: 7/40 MP: 4/4
  2880 | D:3      | Reached XP level 5. HP: 35/47 MP: 5/5
  3392 | D:3      | Reached skill level 5 in Axes
  3815 | D:4      | Reached XP level 6. HP: 52/53 MP: 6/6
  3815 | D:4      | Noticed a black bear
  3888 | D:4      | Found a staircase to the Ecumenical Temple.
  4051 | D:4      | Became a worshipper of Beogh the Brigand
  4154 | D:4      | Identified the +8 dagger of Dofitzuh {flame, Str+4 Int+4}
  4199 | D:4      | Reached skill level 5 in Fighting
  4213 | D:4      | Reached skill level 6 in Axes
  4632 | D:4      | Killed a black bear
  4633 | D:4      | Reached XP level 7. HP: 57/61 MP: 7/7
  4715 | Temple   | Entered the Ecumenical Temple
  5132 | D:5      | Entered Level 5 of the Dungeon
  5132 | D:5      | Found a transporter.
  5231 | D:5      | Reached skill level 5 in Shields
  5243 | D:5      | HP: 3/61 [gnoll (2)]
  5244 | D:5      | Slain by a gnoll

Illustrated notes

Levels and vault maps discovered:
D:1:      lightli_arrival_lavapool, layout_basic
D:2:      layout_basic, basic_ecumenical_altar
D:3:      layout_loops_ring
D:4:      layout_loops_ring, minmay_temple_entry_stoned_glass
D:5:      gammafunk_wand_slinger, layout_loops_corners, uniq_pikel
Temple:   nicolae_temple_the_god_donut

Skill      XL: |  1  2  3  4  5  6  7 |
---------------+----------------------+-----
Axes           | 3 4 5 6 |  6.8
Fighting       | 4 5 |  5.5
Armour         | 4 |  4.9
Shields        | 4 5 |  5.0

Action                   |  1- 3 |  4- 6 |  7- 9 || total
-------------------------+-------+-------+-------++-------
Melee: War axe           |    19 |       |       ||    19
       Whip              |    70 |       |       ||    70
       Hand axe          |    10 |   123 |    19 ||   152
Throw: Stone             |    75 |    92 |     6 ||   173
       Dart              |       |     6 |     3 ||     9
Invok: Convert to Beogh  |       |     1 |       ||     1
  Use: Potion            |       |       |     1 ||     1
Armor: Scale mail        |    30 |    21 |       ||    51
       Chain mail        |       |    25 |    16 ||    41
Dodge: Dodged            |    39 |    38 |    10 ||    87
Block: Buckler           |    12 |    22 |    13 ||    47

Table legend: (Time is in decaauts)
 A = Elapsed time spent in this place.
 B = Non-inter-level travel time spent in this place.
 C = Inter-level travel time spent in this place.
 D = Time resting spent in this place.
 E = Time spent auto-exploring this place.
 F = Levels seen in this place.
 G = Mean time per level.
                   A        B        C        D        E       F      G
               +--------+--------+--------+--------+--------+-----+--------+
         Total |   5280 |   5050 |    230 |    116 |   4141 |   6 |  880.0 |
       Dungeon |   5021 |   4807 |    214 |    116 |   3914 |   5 | 1004.2 |
        Temple |    259 |    243 |     16 |      0 |    227 |   1 |  259.0 |
               +--------+--------+--------+--------+--------+-----+--------+

Top non-repeatable levels by time:
     D:2: 1371 daAuts
     D:3: 1369 daAuts
     D:1: 1164 daAuts
     D:4: 1003 daAuts
  Temple: 259 daAuts
     D:5: 111 daAuts
